 Dungeon Crawl Stone Soup version 0.29.1-13-g9f3cf754e1 (webtiles) character file.

Game seed: 16061351647508176160

1905 croobank the Conjurer (level 8, -2/66 HPs)
             Began as a Demigod Conjurer on Jan 24, 2023.
             Slain by Maggie
             ... wielding a +0 halberd
              (9 damage)
             ... on level 7 of the Dungeon.
             The game lasted 00:17:52 (9497 turns).

croobank the Conjurer (Demigod Conjurer)            Turns: 9497, Time: 00:17:53

Health: -2/66      AC:  3    Str:  8    XL:     8   Next: 62%
Magic:  13/26      EV: 13    Int: 34    God:
Gold:   220        SH:  5    Dex: 12    Spells: 1/15 levels left

rFire   . . .      SeeInvis .   b - +1 arbalest
rCold   . . .      Faith    .   (shield currently unavailable)
rNeg    . . .      Spirit   .   f - +1 robe
rPois   .          Reflect  +   (no helmet)
rElec   .          Harm     .   (no cloak)
rCorr   .          Rampage  .   (no gloves)
Will    .....                   (no boots)
Stlth   +++.......              E - amulet of reflection
HPRegen 0.21/turn               B - ring of magical power
MPRegen 0.20/turn               H - +6 ring of intelligence

@: mesmerised
A: high MP 1, forlorn, divine attributes
a: no special abilities


You were on level 7 of the Dungeon.
You visited 1 branch of the dungeon, and saw 7 of its levels.

You collected 337 gold pieces.
You spent 117 gold pieces at shops.

Inventory:

Hand Weapons
 a - a +2 dagger of flaming
 b - a +1 arbalest (weapon)
 d - a +0 mace
 m - a +0 dagger of venom
 y - a +2 rapier of venom
 C - a +0 war axe
Missiles
 c - 4 boomerangs
Armour
 f - a +1 robe (worn)
 g - an orb of energy
 z - a +3 leather armour of cold resistance
Magical Staves
 r - a staff of fire
 x - a staff of earth
Jewellery
 e - a ring of ice
 B - a ring of magical power (left hand)
 E - an amulet of reflection (around neck)
 H - a +6 ring of intelligence (right hand)
 I - a ring of see invisible
Wands
 F - a wand of light (9)
Scrolls
 l - 2 scrolls of fear
 o - 5 scrolls of teleportation
 q - a scroll of immolation
 v - a scroll of vulnerability
 D - a scroll of poison {unknown}
 G - a scroll of summoning
 J - a scroll of fog
Potions
 h - 3 potions of cancellation
 i - 4 potions of curing
 j - 2 potions of flight
 k - 2 potions of haste {unknown}
 n - 3 potions of attraction {unknown}
 p - 2 potions of brilliance {unknown}
 s - a potion of berserk rage {unknown}
 t - 2 potions of degeneration {unknown}
 u - 2 potions of mutation {unknown}
 w - 2 potions of heal wounds {unknown}
 A - 3 potions of magic


   Skills:
 + Level 4.0 Fighting
 + Level 4.6 Dodging
 + Level 4.9 Stealth
 + Level 4.2 Spellcasting
 + Level 5.6 Conjurations
 + Level 3.8 Hexes
 + Level 1.4 Translocations


You had one spell level left.
You knew the following spells:

 Your Spells              Type           Power      Damage    Failure   Level
a - Magic Dart            Conj           100%       1d8       1%          1
b - Searing Ray           Conj           90%        2d7       1%          2
c - Dazzling Flash        Conj/Hex       78%        N/A       1%          3
d - Fulminant Prism       Conj/Hex       19%        3d11      7%          4
e - Iskenderun's Mystic   Conj/Tloc      31%        2d8       11%         4

Your spell library contained the following spells:

 Spells                   Type           Power      Damage    Failure   Level
 Tukima's Dance           Hex            33%        N/A       3%          3
 Passage of Golubria      Tloc           17%        N/A       26%         4
 Yara's Violent Unravell  Hex/Tmut       10%        3d6       52%         5


Dungeon Overview and Level Annotations

Branches:
Dungeon (7/15)
 Temple: D:4-7

Shops:
D:3 (

Annotations:
D:7 Maggie


Innate Abilities, Weirdness & Mutations

You have an increased reservoir of magic. (+10% MP)
You shall have no god before yourself.
Your divine heritage dramatically boosts your attributes as you level up.


Message History

Maggie is lightly wounded. (Press . to maintain the ray.)
Your fulminant prism explodes!
The blast of energy engulfs Maggie!!
Maggie is moderately wounded.
You hear a shout!
The searing ray hits Maggie.
Maggie is heavily wounded.
Maggie mumbles some strange words.
Maggie attempts to bespell you!
You are mesmerised by Maggie!
The searing ray hits Maggie.
Maggie is heavily wounded.
The searing ray hits Maggie but does no damage.
Maggie is heavily wounded.
You finish channelling your searing ray.
Maggie hits you from afar with a +0 halberd!
Casting: Searing Ray (safe; 1% risk of failure)
Confirm with . or Enter, or press ? or * to list all spells.
Aiming: Searing Ray (safe; 1% risk of failure)
Press: ? - help, Shift-Dir - straight line, f/p - Maggie
Aim: Maggie, wielding a +0 halberd and wearing +1 acid dragon scales (heavily wounded, mesmerising, 82% to hit)
The searing ray hits Maggie.
Maggie is heavily wounded. (Press . to maintain the ray.) Maggie hits you from afar with a +0 halberd!
* * * LOW HITPOINT WARNING * * *
The searing ray hits Maggie!
Maggie is severely wounded.
Maggie hits you from afar with a +0 halberd.
* * * LOW HITPOINT WARNING * * *
The searing ray hits Maggie.
Maggie is severely wounded.
Maggie casts a spell at you. The bolt of fire misses you.
The searing ray hits Maggie!
Maggie is almost dead.
You finish channelling your searing ray.
Maggie hits you from afar with a +0 halberd!
You die...

#.#.....#
#.......#
.......# #......
#####.....#
####......@.#
###..........#
##...........@##
...............#
#.............##
#.............#
#.....<.....##
##........###
##########


You could see Maggie (mesmerising).

Vanquished Creatures
  Prince Ribbit (D:6)
  Sigmund (D:3)
  Eustachio (D:6)
  An orc warrior (D:5)
  An ice beast (D:5)
  A sky beast (D:6)
  2 ogres
  A centaur (D:6)
  2 black bears
  A bullfrog (D:6)
  A scorpion (D:5)
  3 necrophages (D:5)
  2 jellies
  2 hounds (D:6)
  3 iguanas
  An orc wizard (D:4)
  7 adders
  A white imp (D:6)
  2 worms
  4 dart slugs
  12 orcs
  3 bats
  11 endoplasms
  5 giant cockroaches
  8 goblins
  6 hobgoblins
  4 jackals
  9 kobolds
  5 quokkas
  7 ball pythons
  5 frilled lizards
  5 rats
118 creatures vanquished.

Vanquished Creatures (collateral kills)
  A hobgoblin (D:2)
  A ball python (D:2)
  A frilled lizard (D:2)
3 creatures vanquished.

Vanquished Creatures (others)
  A human (D:5)
  A fulminant prism (D:7)
2 creatures vanquished.

Grand Total: 123 creatures vanquished

Notes
Turn   | Place    | Note
-------+----------+-------------------------------------------
     0 | D:1      | croobank the Demigod Conjurer began the quest for the Orb.
     0 | D:1      | Reached XP level 1. HP: 14/14 MP: 5/5
   373 | D:1      | Reached XP level 2. HP: 22/22 MP: 4/7
   404 | D:1      | Learned a level 2 spell: Searing Ray
  1489 | D:1      | HP: 1/22 [hobgoblin (3)]
  1492 | D:1      | Reached XP level 3. HP: 2/27 MP: 0/8
  1496 | D:1      | Learned a level 3 spell: Dazzling Flash
  2442 | D:2      | Reached skill level 1 in Fighting
  3801 | D:3      | Reached XP level 4. HP: 35/35 MP: 3/10
  3884 | D:3      | Noticed Sigmund
  4104 | D:3      | Killed Sigmund
  4105 | D:3      | Reached skill level 4 in Conjurations
  4105 | D:3      | Reached skill level 1 in Hexes
  4105 | D:3      | Reached XP level 5. HP: 17/41 MP: 2/11
  4309 | D:3      | Found Vecwab's Antique Weapon Emporium.
  5737 | D:4      | You fall into a shaft and drop 1 floor!
  5737 | D:5      | Entered Level 5 of the Dungeon
  5752 | D:5      | Reached XP level 6. HP: 41/48 MP: 9/13
  5845 | D:5      | Learned a level 4 spell: Fulminant Prism
  6990 | D:3      | Bought an arbalest for 117 gold pieces
  7066 | D:5      | Reached XP level 7. HP: 56/56 MP: 13/15
  7114 | D:5      | Noticed a human
  7116 | D:5      | Killed a human
  7530 | D:5      | Reached skill level 5 in Conjurations
  8397 | D:6      | Noticed Eustachio
  8409 | D:6      | Killed Eustachio
  8410 | D:6      | Reached XP level 8. HP: 63/63 MP: 17/17
  8487 | D:6      | Learned a level 4 spell: Iskenderun's Mystic Blast
  8915 | D:6      | Noticed Prince Ribbit
  8925 | D:6      | Killed Prince Ribbit
  9148 | D:6      | Reached skill level 1 in Translocations
  9483 | D:7      | Noticed Maggie
  9497 | D:7      | Slain by Maggie

Illustrated notes

Levels and vault maps discovered:
D:1:      dpeg_arrival_morbid_curiosity, layout_basic
D:2:      layout_basic, minmay_tromino_mix6
D:3:      layout_basic, mainiacjoe_overflow_concentric_impassable, serial_shops,
          nicolae_shop_behind_doors, dilly_ecumenical_altar_fadedgnrine,
          uniq_sigmund
D:4:      layout_loops_corners, serial_bayou_lagoon_b
D:5:      layout_rooms, nicolae_overflow_crystal_walls,
          lemuel_coloured_pillars_altar, tgw_kikubaaqudgha
D:6:      layout_gridville, fiery_altar_vehumet, grunt_gozag_breadcrumbs,
          grunt_qazlal_clouds, makhleb_heckhound_becter, uniq_prince_ribbit1,
          uniq_eustachio
D:7:      layout_cave_pods, general_overflow_altar,
          nicolae_overflow_hidden_temple, temple_statues, uniq_maggie

Skill      XL: |  1  2  3  4  5  6  7  8 |
---------------+-------------------------+-----
Stealth        | 2 3 4 |  4.9
Dodging        | 2 3 4 |  4.6
Spellcasting   | 2 3 4 |  4.2
Fighting       | 1 2 3 4 |  4.0
Conjurations   | 4 5 |  5.6
Hexes          | 1 2 3 |  3.8
Translocations | 1 |  1.4

Action                   |  1- 3 |  4- 6 |  7- 9 || total
-------------------------+-------+-------+-------++-------
Melee: Mace              |    12 |       |       ||    12
       Dagger            |    21 |     1 |       ||    22
       Punch             |     1 |     1 |       ||     2
 Fire: Arbalest          |       |     3 |    39 ||    42
 Cast: Magic Dart        |    51 |    36 |     3 ||    90
       Searing Ray       |    22 |    31 |    28 ||    81
       Dazzling Flash    |       |       |     1 ||     1
       Fulminant Prism   |       |       |     1 ||     1
  Use: Scroll            |     7 |     4 |     4 ||    15
 Stab: Sleeping          |     1 |     1 |       ||     2
Armor: Robe              |     9 |     2 |     4 ||    15
Dodge: Dodged            |    40 |    10 |    13 ||    63
Block: Other             |       |       |     4 ||     4
       Reflection        |       |       |     1 ||     1
